 Dungeon Crawl Stone Soup version 0.31-a0-844-gdc52ec4e09 (webtiles) character file.

Game seed: 10178349959142775896

1607 javelincjr the Conjurer (level 8, -6/46 HPs)
             Began as an Octopode Conjurer on Sept 29, 2023.
             Mangled by a water moccasin (9 damage)
             ... on level 6 of the Dungeon.
             The game lasted 00:13:59 (6053 turns).

javelincjr the Conjurer (Octopode Conjurer)         Turns: 6053, Time: 00:13:59

Health: -6/46      AC:  1    Str: 13    XL:     8   Next: 95%
Magic:  17/17      EV: 14    Int: 22    God:
Gold:   64         SH:  0    Dex: 10    Spells: 16/19 levels left

rFire   x . .        z - +8 flail (holy)
rCold   + . .        (no shield)
rNeg    . . .        (helmet restricted)
rPois   .            r - amulet of regeneration
rElec   .            n - +6 ring of strength
rCorr   .            o - ring of ice
SInv    .            A - ring of flight
Will    .....        (no ring)
Stlth   ++++         (no ring)
HPRegen 1.07/turn    (no ring)
MPRegen 0.15/turn    (no ring)
                     (no ring)

%: no passive effects
@: lethally poisoned (-6 -> -7), attractive, flying
A: almost no armour, amphibious, 8 rings, camouflage 1, gelatinous body 1,
(nimble swimmer 1), tentacles
a: no special abilities


You were on level 6 of the Dungeon.
You visited 1 branch of the dungeon, and saw 6 of its levels.

You collected 258 gold pieces.
You spent 194 gold pieces at shops.

Inventory:

Hand Weapons
 e - a +1 dagger of speed
 z - a +8 flail of holy wrath (weapon)
Missiles
 h - 9 poisoned darts
Jewellery
 n - a +6 ring of strength (left tentacle)
 o - a ring of ice (right tentacle)
 r - an amulet of regeneration (around mantle)
 A - a ring of flight (on tentacle)
Wands
 v - a wand of flame (23)
 y - a wand of polymorph (11)
Scrolls
 b - 6 scrolls of identify {unknown}
 c - 4 scrolls of teleportation {unknown}
 j - a scroll of poison {unknown}
 l - a scroll of torment {unknown}
 m - a scroll of fear {unknown}
 q - a scroll of noise {unknown}
 s - 2 scrolls of enchant weapon
 B - a scroll of enchant armour {unknown}
Potions
 a - a potion of magic
 d - a potion of haste {unknown}
 f - a potion of invisibility {unknown}
 g - a potion of berserk rage {unknown}
 i - 3 potions of attraction
 k - 2 potions of heal wounds {unknown}
 p - 2 potions of curing {unknown}
 t - 2 potions of cancellation {unknown}
 w - a potion of ambrosia {unknown}
 x - 2 potions of might {unknown}
 C - a potion of lignification {unknown}


   Skills:
 + Level 4.8 Dodging
 + Level 6.8 Stealth
 * Level 6.1 Spellcasting
 * Level 7.5 Conjurations


You had 16 spell levels left.
You knew the following spells:

 Your Spells              Type           Power      Damage    Failure   Level
a - Magic Dart            Conj           100%       1d8       1%          1
b - Searing Ray           Conj           78%        2d7       1%          2

Your spell library contained the following spells:

 Spells                   Type           Power      Damage    Failure   Level
 Dazzling Flash           Conj/Hex       46%        N/A       6%          3
 Lesser Beckoning         Tloc           12%        N/A       14%         2
 Fulminant Prism          Conj/Hex       11%        3d8       19%         4
 Iskenderun's Mystic Bla  Conj/Tloc      23%        2d6       19%         4
 Gell's Gravitas          Tloc           6%         N/A       26%         3
 Teleport Other           Tloc           6%         N/A       26%         3


Dungeon Overview and Level Annotations

Branches:
Dungeon (6/15)
 Temple: D:4-7

Altars:
Elyvilon
Yredelemnul

Shops:
D:5 *


Innate Abilities, Weirdness & Mutations

You cannot wear most types of armour.
You are amphibious.
You can wear up to eight rings at the same time.
Your skin changes colour to match your surroundings (Stealth+).
Your rubbery body absorbs attacks. (AC +1, EV +1)
((You are camouflaged when in or above water. (Stealth+)))
You have tentacles for arms and can constrict up to eight enemies at once.


Message History

You miss the water moccasin. Your grab misses the water moccasin.
The water moccasin bites you. The water moccasin bites you!
You are poisoned.
The water moccasin poisons you!
You closely miss the water moccasin. Your grab misses the water moccasin.
You feel very sick. The water moccasin bites you!
The water moccasin barely misses you.
You are too injured to fight recklessly!
You are too injured to fight recklessly!
You are too injured to fight recklessly!
You barely miss the water moccasin. Your grab misses the water moccasin.
You feel sick. The water moccasin closely misses you.
The water moccasin bites you!
* * * LOW HITPOINT WARNING * * *
You are more poisoned.
The water moccasin poisons you!
It was a potion of attraction.
You feel attractive to monsters.
* * * LOW HITPOINT WARNING * * *
You feel very sick. The water moccasin barely misses you.
Blink to where?
Press: ? - help, Q - select action, (/) - cycle Dir - move target
As you read the scroll of blinking, it crumbles to dust.
* * * LOW HITPOINT WARNING * * *
You feel very sick.
The water moccasin is attracted toward you.
Aiming: Polymorph
Press: ? - help, Q - select action, (/) - cycle Shift-Dir - straight line, f - water moccasin
Aim: a water moccasin (will become a fire bat, an ice beast, or an acid dragon, chance to affect: 49%)
The water moccasin resists with some effort.
* * * LOW HITPOINT WARNING * * *
You feel very sick.
The water moccasin bites you but does no damage.
Aiming: Polymorph
Press: ? - help, Q - select action, (/) - cycle Shift-Dir - straight line, f/p - water moccasin
Aim: a water moccasin (will become a fire bat, an ice beast, or an acid dragon, chance to affect: 49%)
The water moccasin resists with some effort.
You feel sick. The water moccasin bites you!
You die...

#######'#......##.#
#....# #.....
#............#.#
#....# #.##.#
#............#.#
#....# #.##.#
#......##....#ยง#
#....###.....
.........##....#.#
#.###........
########.##....#.#
+........
..##....#.#
#........
####....#S###
#........
........@...#
#........
######......#
#........ #......#
####...## #......#
#...# #).....#
#...# #......#
#...# ####.#.#
###.# #.#.# #.##
#.#.# #...


You could see a water moccasin.

Vanquished Creatures
  Sigmund (D:3)
  Eustachio (D:4)
  Edmund (D:5)
  An ice beast (D:5)
  A black bear (D:5)
  An orc warrior (D:6)
  A centaur (D:5)
  A phantom (D:6)
  3 scorpions (D:5)
  A howler monkey (D:6)
  An orc priest (D:5)
  A gnoll bouda (D:5)
  A jelly (D:5)
  5 hounds
  A sleepcap (D:6)
  3 iguanas (D:5)
  2 orc wizards
  2 adders
  4 gnolls (D:3)
  3 ufetubi
  5 dart slugs
  8 orcs
  6 ball pythons
  6 bats
  6 endoplasms
  2 giant cockroaches
  6 goblins
  6 hobgoblins
  6 jackals
  5 kobolds
  5 quokkas
  2 frilled lizards
  6 rats
104 creatures vanquished.

Notes
Turn   | Place    | Note
-------+----------+-------------------------------------------
     0 | D:1      | javelincjr the Octopode Conjurer began the quest for the
                  | Orb.
     0 | D:1      | Reached XP level 1. HP: 11/11 MP: 3/3
   261 | D:1      | Reached XP level 2. HP: 17/17 MP: 1/5
   584 | D:1      | Learned a level 2 spell: Searing Ray
   624 | D:1      | Reached XP level 3. HP: 21/21 MP: 2/6
  1353 | D:2      | Found a faded altar of an unknown god.
  1729 | D:2      | Reached XP level 4. HP: 27/27 MP: 1/7
  2209 | D:3      | Noticed Sigmund
  2238 | D:3      | Killed Sigmund
  2239 | D:3      | Reached skill level 5 in Conjurations
  2239 | D:3      | Reached XP level 5. HP: 31/31 MP: 0/10
  2370 | D:3      | Found a basalt altar of Yredelemnul.
  2410 | D:3      | Reached XP level 6. HP: 36/36 MP: 7/11
  2806 | D:4      | Noticed Eustachio
  2821 | D:4      | Killed Eustachio
  3196 | D:4      | Reached XP level 7. HP: 31/41 MP: 8/13
  3394 | D:4      | Found a white marble altar of Elyvilon.
  3726 | D:5      | Entered Level 5 of the Dungeon
  3778 | D:5      | Found Ymio's General Store.
  3786 | D:5      | Bought a scroll of enchant weapon for 97 gold pieces
  3786 | D:5      | Bought a scroll of blinking for 97 gold pieces
  3903 | D:5      | Reached skill level 5 in Stealth
  4061 | D:5      | Noticed Edmund
  4108 | D:5      | Reached skill level 6 in Conjurations
  4556 | D:5      | Reached XP level 8. HP: 23/46 MP: 6/15
  4656 | D:5      | Reached skill level 5 in Spellcasting
  4687 | D:5      | Killed Edmund
  5016 | D:5      | Reached skill level 7 in Conjurations
  5909 | D:6      | Identified the +5 long sword "Ohiux" {drain, rF+ Str+4}
  6053 | D:6      | Mangled by a water moccasin

Illustrated notes

Levels and vault maps discovered:
D:1:      lightli_arrival_statuegarden, layout_basic, minmay_misc_feat_iff
D:2:      layout_loops_corners, hellmonk_ecumenical_altar_inner_sanctum
D:3:      layout_rooms, mainiacjoe_overflow_surrounded_room, uniq_sigmund
D:4:      layout_loops_ring, mainiacjoe_overflow_alcove_1, uniq_eustachio
D:5:      minmay_razor_zed, layout_loops_corners, serial_shops,
          nicolae_shop_stone, serial_co_window_serial, co_window_paths_a,
          co_window_paths_a, co_window_cross_1, co_window_paths_a,
          co_window_paths_a, co_window_corner_ca, co_window_of_opportunity_b,
          co_window_broadway_c, co_window_broadway_c, co_window_corner_b,
          co_window_2corner, glass_columns_b, glass_columns_b, glass_columns_a,
          glass_columns_c, glass_columns_a, eino_tiny_chamber, uniq_edmund
D:6:      layout_basic, corexii_corridor_pit, uniq_menkaure

Skill      XL: |  1  2  3  4  5  6  7  8 |
---------------+-------------------------+-----
Stealth        | 3 4 5 6 |  6.8
Dodging        | 3 4 |  4.8
Spellcasting   | 3 4 6 |  6.1
Conjurations   | 5 6 7 |  7.5

Action                     |  1- 3 |  4- 6 |  7- 9 || total
---------------------------+-------+-------+-------++-------
  Melee: Unarmed           |    23 |       |     1 ||    24
         Tentacles         |     8 |     2 |    15 ||    25
         Constrict         |    11 |     4 |    14 ||    29
         Dagger            |    27 |    17 |    32 ||    76
         Punch             |       |     1 |     1 ||     2
         Flail             |       |       |    41 ||    41
   Cast: Magic Dart        |    71 |    54 |    78 ||   203
         Searing Ray       |       |     3 |    12 ||    15
  Evoke: Wand              |       |       |     8 ||     8
    Use: Scroll            |       |       |     1 ||     1
         Potion            |       |       |     1 ||     1
   Stab: Sleeping          |     2 |       |     3 ||     5
 Armour: Skin              |    23 |    12 |    65 ||   100
  Dodge: Dodged            |    36 |    20 |    68 ||   124

Table legend: (Time is in decaauts)
 A = Elapsed time spent in this place.
 B = Non-inter-level travel time spent in this place.
 C = Inter-level travel time spent in this place.
 D = Time resting spent in this place.
 E = Time spent auto-exploring this place.
 F = Levels seen in this place.
 G = Mean time per level.
                   A        B        C        D        E       F      G
               +--------+--------+--------+--------+--------+-----+--------+
         Total |   6044 |   5919 |    125 |    131 |   5037 |   6 | 1007.3 |
       Dungeon |   6044 |   5919 |    125 |    131 |   5037 |   6 | 1007.3 |
               +--------+--------+--------+--------+--------+-----+--------+

Top non-repeatable levels by time:
     D:5: 1820 daAuts
     D:2: 1229 daAuts
     D:4: 1016 daAuts
     D:1: 842 daAuts
     D:3: 618 daAuts
     D:6: 517 daAuts
